[Event "CZE-ch U16 Girls 2023"]
[Site "Teplice"]
[Date "2023.03.13"]
[Round "4.1"]
[White "Havelkova, Beata"]
[Black "Zelbova, Lada"]
[Result "0-1"]
[ECO "C05"]
[WhiteElo "1670"]
[BlackElo "1822"]
[Annotator "NA RC COMBH"]
[PlyCount "48"]
[EventDate "2023.03.09"]
[EventType "swiss"]
[EventCountry "CZE"]
[SourceTitle "playchess.com"]
[Source "ChessBase"]
[SourceQuality "1"]
[TimeControl "40/5400+30:1800+30"]

1. e4 e6 2. d4 d5 3. Nd2 Nf6 4. e5 Nfd7 5. Bd3 c5 6. c3 Nc6 7. Ne2 Be7 8. O-O Qb6 9. Nf3 O-O 10. b3 Re8 11. Bg5 cxd4 12. Bxe7 Rxe7 13. cxd4 Nf8 14. Qd2 Rc7 15. Qg5 Nb4 16. Rad1 Nxd3 17. Rxd3 Bd7 18. Nf4 h6 19. Qg4 Bb5 20. Rfd1 Bxd3 21. Nxd3 Rac8 22. Nc5 Qa5 23. Nh4 b6 24. Rd3 Qe1# 0-1

[Event "CZE-ch U16 Girls 2023"]
[Site "Teplice"]
[Date "2023.03.13"]
[Round "4.2"]
[White "Cinkova, Vicky"]
[Black "Vacekova, Anita"]
[Result "1/2-1/2"]
[ECO "C47"]
[WhiteElo "1285"]
[BlackElo "1350"]
[Annotator "NA RC COMBH"]
[PlyCount "102"]
[EventDate "2023.03.09"]
[EventType "swiss"]
[EventCountry "CZE"]
[SourceTitle "playchess.com"]
[Source "ChessBase"]
[SourceQuality "1"]
[TimeControl "40/5400+30:1800+30"]

1. e4 e5 2. Nf3 Nc6 3. Nc3 Nf6 4. d4 exd4 5. Nxd4 Bb4 6. Nxc6 bxc6 7. Bd3 d5 8. exd5 O-O 9. O-O Bg4 10. Be2 Bxe2 11. Qxe2 cxd5 12. Bg5 c6 13. Qf3 Be7 14. Bf4 Ne8 15. Ne2 Bf6 16. c3 Nc7 17. Nd4 Qd7 18. Qg3 Ne6 19. Nxe6 fxe6 20. Bg5 Bxg5 21. Qxg5 Rab8 22. b3 Rf5 23. Qe3 e5 24. h3 Qc7 25. Rfe1 Qb6 26. g4 Qxe3 27. Rxe3 Rg5 28. Rae1 e4 29. f3 exf3 30. Rxf3 Rf8 31. Rxf8+ Kxf8 32. Kf2 Rg6 33. Re3 Kf7 34. a4 Re6 35. Rd3 Kf6 36. b4 Ke5 37. b5 cxb5 38. axb5 Rb6 39. Re3+ Kd6 40. Re8 Rxb5 41. Rg8 Rb7 42. Ke3 Kc5 43. Rc8+ Kb6 44. Rd8 a5 45. Rxd5 Ra7 46. Kd3 a4 47. Kc2 a3 48. Kb1 Rc7 49. Rd3 Kc5 50. Ka2 Ra7 51. Rd4 Kb5 1/2-1/2

[Event "CZE-ch U16 Girls 2023"]
[Site "Teplice"]
[Date "2023.03.13"]
[Round "4.3"]
[White "Dudkova, Josefina"]
[Black "Archlebova, Stela"]
[Result "1/2-1/2"]
[ECO "D00"]
[WhiteElo "1519"]
[BlackElo "1360"]
[Annotator "NA RC COMBH"]
[PlyCount "107"]
[EventDate "2023.03.09"]
[EventType "swiss"]
[EventCountry "CZE"]
[SourceTitle "playchess.com"]
[Source "ChessBase"]
[SourceQuality "1"]
[TimeControl "40/5400+30:1800+30"]

1. d4 d5 2. Bf4 Bf5 3. e3 Nf6 4. Nf3 Nc6 5. Bd3 Bg6 6. Nbd2 e6 7. Qe2 Nb4 8. Bxg6 hxg6 9. Nb3 Bd6 10. Bxd6 Qxd6 11. Ne5 Nc6 12. f4 Ne4 13. a3 Nxe5 14. fxe5 Qe7 15. O-O-O c6 16. Nd2 Nxd2 17. Rxd2 O-O-O 18. g3 f6 19. exf6 gxf6 20. e4 Kb8 21. Re1 Rhe8 22. Qg4 Qf7 23. Rf2 f5 24. exf5 exf5 25. Qf4+ Ka8 26. Rfe2 Rxe2 27. Rxe2 Re8 28. Rxe8+ Qxe8 29. Qe5 Qg8 30. Kd2 a6 31. Ke3 Qh7 32. h4 Qh6+ 33. Qf4 Qh7 34. Qg5 Qf7 35. Qf4 Qe7+ 36. Qe5 Qh7 37. c3 Ka7 38. Qf6 Qh6+ 39. Qg5 Qh7 40. Kf4 Qc7+ 41. Kf3 Qf7 42. Qe3 Qh7 43. c4 Qd7 44. cxd5 Qxd5+ 45. Kf4 Qd8 46. d5+ Ka8 47. dxc6 bxc6 48. b4 Kb7 49. Qc3 Qe7 50. Qe5 Qh7 51. Qf6 Kb6 52. Ke5 Qc7+ 53. Qd6 Qg7+ 54. Qf6 1/2-1/2

[Event "CZE-ch U16 Girls 2023"]
[Site "Teplice"]
[Date "2023.03.13"]
[Round "4.4"]
[White "Barteckova, Denisa"]
[Black "Dobsa, Emma"]
[Result "0-1"]
[ECO "C49"]
[WhiteElo "1417"]
[BlackElo "1449"]
[Annotator "NA RC COMBH"]
[PlyCount "114"]
[EventDate "2023.03.09"]
[EventType "swiss"]
[EventCountry "CZE"]
[SourceTitle "playchess.com"]
[Source "ChessBase"]
[SourceQuality "1"]
[TimeControl "40/5400+30:1800+30"]

1. e4 e5 2. Nf3 Nc6 3. Nc3 Nf6 4. Bb5 Bb4 5. O-O O-O 6. d3 d6 7. Bg5 Bxc3 8. bxc3 Qe7 9. Re1 Nd8 10. d4 Ne6 11. Bc1 c6 12. Bf1 Qc7 13. h3 Re8 14. Bc4 h6 15. Bb2 Nf4 16. Bb3 exd4 17. Qxd4 Qd7 18. Re3 c5 19. Qd2 Nxe4 20. Qe1 Nxg2 21. Kxg2 Qxh3+ 22. Kg1 Qg4+ 23. Kf1 Be6 24. Ke2 Bxb3 25. cxb3 Ng5 26. Qh1 Rxe3+ 27. fxe3 Re8 28. Rg1 Qe4 29. Bc1 Ne6 30. Kd2 Nf4 31. Ne1 Qxe3+ 32. Kc2 Qf2+ 33. Bd2 Re2 34. Nf3 Nd5 35. Kc1 Nxc3 36. Qxh6 Nxa2+ 37. Kb1 Qxg1+ 38. Nxg1 gxh6 39. Nxe2 Nb4 40. Bxh6 f6 41. Nf4 Nc6 42. Kb2 Nd4 43. Nd5 Kf7 44. Bf4 Nb5 45. Bg3 Ke6 46. Nf4+ Kf5 47. Kc2 Kg4 48. Bh2 Nd4+ 49. Kc3 Nf3 50. Nd5 Nxh2 51. Nxf6+ Kf5 52. Ne8 Ke5 53. Nc7 Nf3 54. b4 Nd4 55. Kc4 b6 56. bxc5 dxc5 57. Nb5 Nxb5 0-1

[Event "CZE-ch U16 Girls 2023"]
[Site "Teplice"]
[Date "2023.03.13"]
[Round "4.5"]
[White "Kavanova, Anezka"]
[Black "Hetfleischova, Elen"]
[Result "1-0"]
[ECO "B38"]
[WhiteElo "1384"]
[BlackElo "1623"]
[Annotator "NA RC COMBH"]
[PlyCount "63"]
[EventDate "2023.03.09"]
[EventType "swiss"]
[EventCountry "CZE"]
[SourceTitle "playchess.com"]
[Source "ChessBase"]
[SourceQuality "1"]
[TimeControl "40/5400+30:1800+30"]

1. e4 c5 2. Nf3 Nc6 3. d4 cxd4 4. Nxd4 g6 5. c4 Bg7 6. Be3 Nf6 7. Nc3 O-O 8. Be2 d6 9. O-O a6 10. Rc1 Bd7 11. f3 Qb6 12. Na4 Qa7 13. Nf5 Qb8 14. Nxg7 Kxg7 15. Nb6 Qc7 16. Nxa8 Rxa8 17. b3 Kg8 18. Qc2 Rc8 19. Rfd1 Ne8 20. Qd2 Rd8 21. b4 Bc8 22. b5 Ne5 23. bxa6 b6 24. Qb4 Rd7 25. Bxb6 Qb8 26. Qa5 Nc6 27. Qb5 Qa8 28. c5 Nc7 29. Bxc7 Rxc7 30. cxd6 exd6 31. Rxd6 Bxa6 32. Qxa6 1-0

[Event "CZE-ch U16 Girls 2023"]
[Site "Teplice"]
[Date "2023.03.13"]
[Round "4.6"]
[White "Sikorova, Jana"]
[Black "Stavova, Marketa"]
[Result "0-1"]
[ECO "D32"]
[WhiteElo "1735"]
[BlackElo "1284"]
[Annotator "NA RC COMBH"]
[PlyCount "66"]
[EventDate "2023.03.09"]
[EventType "swiss"]
[EventCountry "CZE"]
[SourceTitle "playchess.com"]
[Source "ChessBase"]
[SourceQuality "1"]
[TimeControl "40/5400+30:1800+30"]

1. d4 d5 2. c4 e6 3. Nf3 c5 4. cxd5 exd5 5. Nc3 Nf6 6. Bg5 Be6 7. g3 Nbd7 8. Bg2 c4 9. Ne5 Be7 10. O-O O-O 11. Re1 h6 12. Bf4 Nb6 13. Rc1 Rc8 14. Na4 Bb4 15. Nxb6 Qxb6 16. Bd2 Bd6 17. Bc3 Qa6 18. a3 b5 19. Qd2 Qb6 20. e3 a6 21. Re2 Rfe8 22. Ba5 Qb8 23. Qc3 Qb7 24. Bb4 Bc7 25. Ra1 Ra8 26. Ree1 a5 27. Bc5 a4 28. Qb4 Nd7 29. Nxd7 Bxd7 30. Rad1 Ba5 31. Qxa5 Rxa5 32. Rd2 Ra6 33. Rc1 Rg6 0-1

[Event "CZE-ch U16 Girls 2023"]
[Site "Teplice"]
[Date "2023.03.13"]
[Round "4.7"]
[White "Janouskova, Adela"]
[Black "Seda, Michaela"]
[Result "1/2-1/2"]
[ECO "C11"]
[WhiteElo "1558"]
[BlackElo "1610"]
[Annotator "NA RC COMBH"]
[PlyCount "88"]
[EventDate "2023.03.09"]
[EventType "swiss"]
[EventCountry "CZE"]
[SourceTitle "playchess.com"]
[Source "ChessBase"]
[SourceQuality "1"]
[TimeControl "40/5400+30:1800+30"]

1. e4 e6 2. Nf3 d5 3. Nc3 Nf6 4. e5 Nfd7 5. d4 c5 6. dxc5 Nxc5 7. Be2 Be7 8. O-O O-O 9. Qd4 Nc6 10. Qg4 Kh8 11. Qh5 f6 12. exf6 Bxf6 13. Bg5 Qe8 14. Qh4 Qg6 15. Rac1 Bxg5 16. Nxg5 h6 17. Nh3 Qf6 18. Qg3 Nd4 19. Bg4 Nf5 20. Bxf5 Qxf5 21. Qe3 Nd7 22. Rfe1 Nf6 23. f3 Nh5 24. Qe5 Nf4 25. Nxf4 Qxf4 26. Qxf4 Rxf4 27. Re5 Bd7 28. Rce1 Rc8 29. R1e2 Rfc4 30. Rd2 d4 31. Ne4 Rxc2 32. Rxd4 Rxb2 33. h3 Bb5 34. Rxe6 Rxa2 35. Nd6 Rc1+ 36. Kh2 Bf1 37. Rg6 Rcc2 38. Rdg4 Rc7 39. Ne8 Re7 40. Nxg7 Ra6 41. Nf5 Rxg6 42. Rxg6 Rh7 43. Rd6 Rc7 44. Rxh6+ Kg8 1/2-1/2

[Event "CZE-ch U16 Girls 2023"]
[Site "Teplice"]
[Date "2023.03.13"]
[Round "4.8"]
[White "Andilova, Klara"]
[Black "Dominikova, Denisa"]
[Result "0-1"]
[ECO "C97"]
[WhiteElo "1104"]
[BlackElo "1301"]
[Annotator "NA COMBH"]
[PlyCount "100"]
[EventDate "2023.03.09"]
[EventType "swiss"]
[EventCountry "CZE"]
[SourceTitle "playchess.com"]
[Source "ChessBase"]
[SourceQuality "1"]
[TimeControl "40/5400+30:1800+30"]

1. e4 e5 2. Nf3 Nc6 3. Bb5 a6 4. Ba4 Nf6 5. O-O Be7 6. Re1 b5 7. Bb3 d6 8. c3 O-O 9. h3 Na5 10. Bc2 c5 11. d4 Qc7 12. d5 Bd7 13. Bg5 h6 14. Be3 Nc4 15. b3 Nxe3 16. Rxe3 a5 17. Nbd2 Rfc8 18. a3 c4 19. b4 axb4 20. cxb4 Ra6 21. Rc3 Qa7 22. Nf1 Ra8 23. Ng3 Nh7 24. Ne2 Ng5 25. Qd2 Bd8 26. Nxg5 Bxg5 27. Qe1 Bd8 28. Ra2 Bb6 29. Rg3 Bd4 30. Nxd4 Qxd4 31. Qe3 Qxe3 32. Rxe3 Rc8 33. Rc3 Ra7 34. Kf1 f6 35. Bd1 f5 36. Bc2 f4 37. Bd1 Kf7 38. Kg1 g6 39. Kh2 Kf6 40. g3 h5 41. g4 hxg4 42. hxg4 Kg5 43. f3 Rh8+ 44. Kg2 Be8 45. Ra1 Rah7 46. Kf2 Rh2+ 47. Ke1 Rh1+ 48. Kd2 R8h2+ 49. Kc1 Rxd1+ 50. Kxd1 Rh1+ 0-1

[Event "CZE-ch U16 Girls 2023"]
[Site "Teplice"]
[Date "2023.03.13"]
[Round "4.9"]
[White "Vavrinkova, Marie"]
[Black "Macova, Marketa"]
[Result "0-1"]
[ECO "D11"]
[WhiteElo "1457"]
[BlackElo "1195"]
[Annotator "NA RC COMBH"]
[PlyCount "58"]
[EventDate "2023.03.09"]
[EventType "swiss"]
[EventCountry "CZE"]
[SourceTitle "playchess.com"]
[Source "ChessBase"]
[SourceQuality "1"]
[TimeControl "40/5400+30:1800+30"]

1. d4 d5 2. c4 c6 3. Nf3 dxc4 4. e4 b5 5. g3 Nf6 6. Qc2 Bg4 7. Nbd2 e6 8. a3 c5 9. dxc5 Bxc5 10. Bg2 Qb6 11. O-O O-O 12. a4 Bxf3 13. Bxf3 Nc6 14. axb5 Nd4 15. Qxc4 Rac8 16. Qd3 Rfd8 17. e5 Nxb5 18. Qb1 Nd5 19. Ne4 Nd4 20. Bg2 h6 21. Kh1 Nb4 22. Nxc5 Rxc5 23. Qe4 Rc2 24. Qg4 Nf5 25. Qf3 Nd3 26. Kg1 Nd4 27. Qe3 Ne2+ 28. Kh1 Nexc1 29. Qxb6 axb6 0-1

[Event "CZE-ch U16 Girls 2023"]
[Site "Teplice"]
[Date "2023.03.13"]
[Round "4.10"]
[White "Foldynova, Julie"]
[Black "Mullerova, Karina Nela"]
[Result "1/2-1/2"]
[ECO "C00"]
[WhiteElo "1100"]
[BlackElo "1283"]
[Annotator "NA RC COMBH"]
[PlyCount "74"]
[EventDate "2023.03.09"]
[EventType "swiss"]
[EventCountry "CZE"]
[SourceTitle "playchess.com"]
[Source "ChessBase"]
[SourceQuality "1"]
[TimeControl "40/5400+30:1800+30"]

1. e4 e6 2. d4 b6 3. Nc3 Bb4 4. Bd2 Bb7 5. Bd3 f5 6. f3 Qh4+ 7. g3 Qh5 8. Qe2 Ne7 9. O-O-O fxe4 10. fxe4 Qxe2 11. Ngxe2 Ng6 12. Rhf1 e5 13. d5 Na6 14. a3 Bxc3 15. Nxc3 O-O-O 16. Rf7 Rhg8 17. Rdf1 Rdf8 18. Rxf8+ Rxf8 19. Rxf8+ Nxf8 20. b4 c6 21. b5 Nc5 22. Bc4 cxd5 23. Bxd5 Bxd5 24. exd5 d6 25. Be3 h6 26. Bxc5 bxc5 27. Ne4 Kc7 28. Kb2 Nd7 29. Kb3 Nb6 30. c4 Nd7 31. a4 Nf6 32. Nxf6 gxf6 33. a5 a6 34. b6+ Kd7 35. Kc3 h5 36. Kd3 f5 37. Ke3 Kc8 1/2-1/2

[Event "CZE-ch U16 Girls 2023"]
[Site "Teplice"]
[Date "2023.03.13"]
[Round "4.11"]
[White "Sterikova, Marketa"]
[Black "Souralova, Jana"]
[Result "1/2-1/2"]
[ECO "C50"]
[WhiteElo "1254"]
[BlackElo "1187"]
[Annotator "NA RC COMBH"]
[PlyCount "61"]
[EventDate "2023.03.09"]
[EventType "swiss"]
[EventCountry "CZE"]
[SourceTitle "playchess.com"]
[Source "ChessBase"]
[SourceQuality "1"]
[TimeControl "40/5400+30:1800+30"]

1. e4 e5 2. Nf3 Nc6 3. Bc4 Nf6 4. d3 Bc5 5. Nc3 d6 6. Bg5 h6 7. Be3 Bb6 8. h3 O-O 9. O-O Be6 10. Bb3 Qd7 11. Bxe6 Qxe6 12. Qd2 Bxe3 13. fxe3 Rad8 14. Rfe1 Ne7 15. d4 Ng6 16. d5 Qd7 17. Qd3 c6 18. Ne2 cxd5 19. exd5 Qc7 20. e4 Nh5 21. g3 Rc8 22. c3 Qd7 23. Kh2 f5 24. exf5 Qxf5 25. Qxf5 Rxf5 26. Rf1 Rf7 27. Nd2 Nf6 28. c4 Rcf8 29. Kg2 a6 30. Nc3 Rb8 31. b3 1/2-1/2